 Dungeon Crawl Stone Soup version 0.28-a0-461-g2dc4ca5097 (webtiles) character file.

Game seed: 6123713409020714957

907 heikuro the Stinger (level 8, -3/52 HPs)
             Began as a Formicid Venom Mage on Sept 14, 2021.
             Was a Follower of Nemelex Xobeh.
             Killed from afar by an acid dragon (11 damage)
             ... with a splash of acid
             ... on level 5 of the Dungeon.
             The game lasted 00:15:20 (7830 turns).

heikuro the Stinger (Formicid Venom Mage)           Turns: 7830, Time: 00:15:21

Health: -3/52      AC:  3    Str: 13    XL:     8   Next: 29%
Magic:  11/13      EV: 12    Int: 17    God:    Nemelex Xobeh [*.....]
Gold:   318        SH:  0    Dex: 11    Spells: 4/14 levels left

rFire   . . .      SeeInvis +   b - +1 flail (holy)
rCold   . . .      Faith    .   (no shield)
rNeg    . . .      Spirit   .   r - +0 robe
rPois   .          Reflect  .   (helmet unavailable)
rElec   .          Harm     .   n - +0 cloak
rCorr   .          Rampage  .   (no gloves)
Will    .....                   (no boots)
Stlth   +++.......              (no amulet)
HPRegen 0.17/turn               (no ring)
MPRegen 0.13/turn               (no ring)

@: no status effects
A: permanent stasis, dig shafts and tunnels, antennae 3, four strong arms
a: Dig, Shaft Self, Renounce Religion, Draw Escape, Draw Destruction, Draw
Summoning


You were on level 5 of the Dungeon.
You worshipped Nemelex Xobeh.
Nemelex Xobeh was aware of your devotion.
You visited 2 branches of the dungeon, and saw 6 of its levels.

You collected 318 gold pieces.

Inventory:

Hand Weapons
 a - a +2 whip of venom
 b - a +1 flail of holy wrath (weapon)
Missiles
 e - 5 curare-tipped darts
 i - a throwing net
Armour
 n - a +0 cloak (worn)
 r - a +0 robe (worn)
Magical Staves
 c - a staff of fire
Jewellery
 j - an amulet of faith
Wands
 s - a wand of acid (7)
Scrolls
 f - 2 scrolls of enchant armour {unknown}
 g - a scroll of magic mapping {unknown}
 h - a scroll of enchant weapon {unknown}
 o - a scroll of fog {unknown}
 p - a scroll of blinking {unknown}
 q - a scroll of amnesia {unknown}
 t - a scroll of identify
Potions
 d - 2 potions of curing
 k - a potion of heal wounds
 l - 3 potions of lignification
 m - a potion of mutation


   Skills:
 - Level 0.3(0.4) Short Blades
 - Level 0.3(0.4) Long Blades
 + Level 3.0 Maces & Flails
 - Level 2.0 Dodging
 + Level 4.9 Stealth
 + Level 3.9 Spellcasting
 + Level 3.7 Transmutations
 * Level 7.4 Poison Magic
 + Level 3.3 Invocations


You had 4 spell levels left.
You knew the following spells:

 Your Spells              Type           Power      Damage    Failure   Level
a - Sting                 Tmut/Pois      88%        1d7       1%          1
b - Poisonous Vapours     Pois/Air       32%        N/A       5%          2
c - Olgreb's Toxic Radia  Pois           28%        N/A       8%          4
d - Ignite Poison         Fire/Tmut/Pois 16%        N/A       11%         3

Your spell library contained the following spells:

 Spells                   Type           Power      Damage    Failure   Level
 Mephitic Cloud           Conj/Pois/Air  11%        N/A       17%         3
 Corpse Rot               Necr/Air       N/A        N/A       24%         2
 Slow                     Hex            3%         N/A       24%         2
 Confusing Touch          Hex            3%         N/A       43%         3
 Conjure Flame            Conj/Fire      3%         6-21      43%         3
 Sticky Flame             Conj/Fire      3%         2d3       85%         4
 Yara's Violent Unravell  Hex/Tmut       4%         3d4       90%         5


Dungeon Overview and Level Annotations

Branches:
Dungeon (5/15)             Temple (1/1) D:5

Altars:
Dithmenos
Elyvilon
Fedhas
Gozag
Hepliaklqana
Makhleb
Nemelex Xobeh
Qazlal
Trog
Wu Jian
Zin
The Shining One

Shops:
D:1 [

Annotations:
D:5 4 runed translucent doors


Innate Abilities, Weirdness & Mutations

You cannot be hasted, slowed, berserked, paralysed or teleported.
You can dig through walls and to a lower floor.
You have a pair of large antennae on your head. (SInv)
Your four strong arms can wield two-handed weapons with a shield.


Message History

The acid corrodes you!
Unknown command.
You draw a card...
You have drawn the Pentagram.
The acid dragon bites you.
* * * LOW HITPOINT WARNING * * *
The acid dragon claws you.
* * * LOW HITPOINT WARNING * * *
You swap places.
Something bites your ynoxinul. Something barely misses your ynoxinul.
You swap places.
Something bites your ynoxinul but does no damage.
Something misses your ynoxinul.
Something bites your rakshasa but does no damage.
Something claws your rakshasa but does no damage.
You hear a roar!
You are no longer corroded.
Something barely misses your rakshasa.
Something claws your rakshasa but does no damage.
Something bites your rakshasa! Something closely misses your rakshasa.
The splash of acid hits your rakshasa! Something closely misses your rakshasa.
Something claws your rakshasa. Something misses your rakshasa.
Something completely misses your rakshasa.
Something bites your rakshasa.
The injured rakshasa weaves a defensive illusion!
Something claws your rakshasa but does no damage.
Something bites your rakshasa but does no damage.
Something claws your rakshasa.
Your rakshasa disappears in a puff of smoke!
The acid dragon bites you.
* * * LOW HITPOINT WARNING * * *
The acid dragon closely misses you.
Casting: Olgreb's Toxic Radiance (dangerous; 8% risk of failure)
Confirm with . or Enter, or press ? or * to list all spells.
Okay, then.
You extend your mandibles.
You dig through the rock wall.
The acid dragon spits acid at you. The splash of acid hits you!
You die...
Your body glows slightly and disappears.

#.#8....8#.## #.#
####.##8=)8##.####.#
##.....######.......#
#..###'# #'###...#
#.##...# ###.#†##..#
#.#†#{## #|##.#{#.##
#.#.##D# ..###Z#.#
#.#.#.## #Z.#.#.#
#.#.@## #!##.#{#.##
#.##....# ##..l.##..#
###..######..######....
#.................†....
#.######.###..#..###.##
#[# #.# ........... #÷#
#.# ############ #)#
#.# #.#
#.##############


You could see an acid dragon (catching breath).

Vanquished Creatures
  A necrophage (D:5)
  An ogre (D:3)
  A water moccasin zombie (D:5)
  2 scorpions
  2 jellies
  2 orc priests (D:4)
  4 hounds
  An orc wizard (D:5)
  3 iguanas (D:5)
  Natasha (thrice) (D:4 D:3)
  A hound skeleton (D:5)
  6 adders
  An ufetubus (D:5)
  An adder skeleton (D:4)
  A worm (D:4)
  A dart slug (D:3)
  9 orcs
  8 ball pythons
  2 bats
  2 endoplasms
  3 giant cockroaches
  4 goblins
  6 hobgoblins
  3 jackals (D:1)
  4 kobolds
  4 quokkas
  3 frilled lizards
  2 rats
81 creatures vanquished.

Vanquished Creatures (others)
  A wizard (D:5)
  A plant (D:5)
2 creatures vanquished.

Grand Total: 83 creatures vanquished

Notes
Turn   | Place    | Note
-------+----------+-------------------------------------------
     0 | D:1      | heikuro the Formicid Venom Mage began the quest for the
                  | Orb.
     0 | D:1      | Reached XP level 1. HP: 13/13 MP: 3/3
   415 | D:1      | Reached XP level 2. HP: 19/19 MP: 3/5
   637 | D:1      | Found Duuwur's Armour Emporium.
   784 | D:1      | Learned a level 2 spell: Poisonous Vapours
  1626 | D:2      | Reached XP level 3. HP: 24/24 MP: 3/6
  1865 | D:2      | Found a faded altar of an unknown god.
  2549 | D:3      | Found a sparkling altar of Nemelex Xobeh.
  2601 | D:3      | Became a worshipper of Nemelex Xobeh the Trickster
  2796 | D:3      | Reached XP level 4. HP: 27/30 MP: 1/7
  2804 | D:3      | Learned a level 4 spell: Olgreb's Toxic Radiance
  2869 | D:3      | Reached skill level 5 in Poison Magic
  3555 | D:4      | Reached XP level 5. HP: 35/35 MP: 5/9
  3700 | D:4      | Noticed Natasha
  3717 | D:4      | Killed Natasha
  3718 | D:4      | Reached skill level 1 in Maces & Flails
  3718 | D:4      | Reached skill level 1 in Invocations
  4021 | D:4      | Noticed an ogre
  4043 | D:3      | Killed an ogre
  4044 | D:3      | Reached XP level 6. HP: 41/41 MP: 3/10
  4235 | D:4      | Reached * piety under Nemelex Xobeh
  4267 | D:4      | Noticed Natasha
  4273 | D:4      | Killed Natasha
  4447 | D:4      | Noticed Natasha
  4478 | D:3      | HP: 1/41 [Natasha/magic dart (3)]
  4482 | D:3      | Killed Natasha
  4483 | D:3      | Reached skill level 6 in Poison Magic
  4939 | D:4      | Reached XP level 7. HP: 46/46 MP: 6/11
  5554 | D:5      | Entered Level 5 of the Dungeon
  5585 | D:5      | Received a gift from Nemelex Xobeh
  5656 | D:5      | Found a large runed translucent door.
  5656 | D:5      | Found a large runed translucent door.
  5672 | D:5      | Learned a level 3 spell: Ignite Poison
  5757 | D:5      | Noticed a yak
  6188 | D:5      | Reached skill level 7 in Poison Magic
  6623 | D:5      | Found a staircase to the Ecumenical Temple.
  6633 | Temple   | Entered the Ecumenical Temple
  6793 | D:5      | Reached XP level 8. HP: 42/52 MP: 9/13
  6856 | D:5      | Noticed a komodo dragon
  6871 | D:5      | HP: 1/52 [komodo dragon (30)]
  7470 | D:5      | Received a gift from Nemelex Xobeh
  7526 | D:5      | Found a bloodstained altar of Trog.
  7527 | D:5      | Noticed a wizard
  7532 | D:5      | Killed a wizard
  7762 | D:5      | Found a large runed translucent door.
  7762 | D:5      | Found a large runed translucent door.
  7830 | D:5      | Killed from afar by an acid dragon

Illustrated notes

Levels and vault maps discovered:
D:1:      dpeg_arrival_shelter, layout_basic, serial_shops, shop
D:2:      layout_loops_ring, hellmonk_ecumenical_altar_inner_sanctum,
          minmay_hexomino_p4
D:3:      layout_loops_ring, nemelex_xobeh_ov_fountains_minmay
D:4:      layout_loops_ring, uniq_natasha
D:5:      layout_loops_ring, trog_wizard, minmay_temple_entry_gardened_gates,
          dk_noncrumbling_4, minmay_hollow_rounded_squares
Temple:   eino_temple_lava

Skill      XL: |  1  2  3  4  5  6  7  8 |
---------------+-------------------------+-----
Dodging        | 2 |  2.0
Stealth        | 3 4 |  4.9
Poison Magic   | 5 6 7 |  7.4
Transmutations | 2 3 |  3.7
Maces & Flails | 1 2 3 |  3.0
Invocations    | 1 2 3 |  3.3
Spellcasting   | 3 |  3.9
Short Blades   | |  0.3
Long Blades    | |  0.3

Action                   |  1- 3 |  4- 6 |  7- 9 || total
-------------------------+-------+-------+-------++-------
Melee: Dagger            |    24 |       |       ||    24
       Whip              |     4 |    19 |    30 ||    53
       Flail             |       |       |    62 ||    62
 Cast: Sting             |    30 |    19 |     8 ||    57
       Poisonous Vapours |    21 |    21 |    27 ||    69
       Olgreb's Toxic Ra |       |     3 |     4 ||     7
Invok: Draw Destruction  |       |       |     2 ||     2
       Draw Summoning    |       |       |     1 ||     1
 Abil: Dig               |       |       |     1 ||     1
  Use: Scroll            |     4 |       |     2 ||     6
       Potion            |       |     1 |       ||     1
Armor: Robe              |     5 |     5 |    21 ||    31
Dodge: Dodged            |    27 |    15 |    66 ||   108

Table legend: (Time is in decaauts)
 A = Elapsed time spent in this place.
 B = Non-inter-level travel time spent in this place.
 C = Inter-level travel time spent in this place.
 D = Time resting spent in this place.
 E = Time spent auto-exploring this place.
 F = Levels seen in this place.
 G = Mean time per level.
                   A        B        C        D        E       F      G
               +--------+--------+--------+--------+--------+-----+--------+
         Total |   7855 |   7639 |    216 |   3331 |   2878 |   6 | 1309.2 |
       Dungeon |   7775 |   7565 |    210 |   3331 |   2809 |   5 | 1555.0 |
        Temple |     79 |     73 |      6 |      0 |     69 |   1 |   79.0 |
               +--------+--------+--------+--------+--------+-----+--------+

Top non-repeatable levels by time:
     D:5: 1888 daAuts
     D:4: 1737 daAuts
     D:3: 1611 daAuts
     D:1: 1417 daAuts
     D:2: 1121 daAuts
  Temple: 79 daAuts
